 Dungeon Crawl Stone Soup version 0.32-a0-898-g7811c86cf0 (webtiles) character file.

Game seed: 8249841826876213767

46 601d51SH the Sneak (level 3, -5/31 HPs)
             Began as a Gnoll Brigand on Apr 5, 2024.
             Killed by nerve-wracking pain
             ... invoked by an orc priest
              (13 damage)
             ... on level 3 of the Dungeon.
             The game lasted 00:04:11 (1764 turns).

601d51SH the Sneak (Gnoll Brigand)                  Turns: 1764, Time: 00:04:12

Health: -5/31      AC:  3    Str: 10    XL:     3   Next: 68%
Magic:  4/4        EV: 11    Int: 10    God:
Gold:   110        SH:  0    Dex: 15    Spells: 4/4 levels left

rFire   + . .        a - +2 dagger
rCold   + . .        (no shield)
rNeg    . . .        t - +0 leather armour
rPois   .            (helmet currently unavailable)
rElec   .            c - melded +0 cloak
rCorr   .            (gloves currently unavailable)
SInv    .            (boots currently unavailable)
Will    .....        l - amulet "Qielun" {rF+ rC+ Regen+}
Stlth   ++++         (no ring)
HPRegen 1.05/turn    (no ring)
MPRegen 0.09/turn

%: no passive effects
@: beast-form
A: beast (slay +0), fangs 1, strong nose, distributed training
a: Begin Untransformation, Convert to Beogh


You were on level 3 of the Dungeon.
You were a hulking beast.
You visited 1 branch of the dungeon, and saw 3 of its levels.

You collected 110 gold pieces.

Inventory:

Hand Weapons
 a - a +2 dagger (weapon)
 j - a +0 spear
 m - a +0 glaive
 u - a +0 long sword
Missiles
 d - 9 poisoned darts
 e - 3 curare-tipped darts
 o - 21 stones (quivered)
Armour
 b - a +0 robe
 c - a +0 cloak (melded)
 h - a +0 plate armour
 t - a +0 leather armour (worn)
Jewellery
 l - the amulet "Qielun" (around neck) {rF+ rC+ Regen+}
   (You found it on level 2 of the Dungeon)

   [amulet of regeneration]

   rF+:       It protects you from fire.
   rC+:       It protects you from cold.
   Regen+:    It increases your rate of health regeneration.
Talismans
 i - a granite talisman
 k - a beast talisman (active)
Scrolls
 n - a scroll of fog {unknown}
 p - a scroll of immolation {unknown}
 q - a scroll of teleportation {unknown}
 s - a scroll of brand weapon {unknown}
 v - a scroll of identify {unknown}
Potions
 f - 4 potions of heal wounds {unknown}
 g - 2 potions of lignification {unknown}
 r - a potion of curing {unknown}


   Skills:
 + Level 4.6 Fighting
 + Level 4.6 Short Blades
 + Level 1.0 Long Blades
 + Level 1.0 Axes
 + Level 1.0 Maces & Flails
 + Level 1.0 Polearms
 + Level 1.0 Staves
 + Level 1.0 Ranged Weapons
 + Level 4.6 Throwing
 + Level 1.0 Armour
 + Level 2.6 Dodging
 + Level 7.8 Stealth
 + Level 1.0 Shields
 + Level 1.0 Unarmed Combat
 + Level 1.0 Spellcasting
 + Level 0.7 Conjurations
 + Level 0.7 Hexes
 + Level 0.7 Summonings
 + Level 0.7 Necromancy
 + Level 0.7 Translocations
 + Level 0.7 Fire Magic
 + Level 0.7 Ice Magic
 + Level 0.7 Air Magic
 + Level 0.7 Earth Magic
 + Level 0.7 Alchemy
 + Level 1.0 Invocations
 + Level 1.0 Evocations
 + Level 0.8 Shapeshifting


You had 4 spell levels left.
You didn't know any spells.
Your spell library contained the following spells:

 Spells                   Type           Power      Damage    Failure   Level
 Stone Arrow              Conj/Erth      2%         3d7       71%         3
 Animate Armour           Summ/Erth      2%         N/A       98%         4
 Lehudib's Crystal Spear  Conj/Erth      0%         10d2      100%        8


Dungeon Overview and Level Annotations

Branches:
Dungeon (3/15)

Altars:


Innate Abilities, Weirdness & Mutations

You are a hulking beast.
Your limbs bulge with bestial killing power. (Slay +0)
You have very sharp teeth.
Your uncanny sense of smell can sniff out nearby items.
Your experience applies equally to all skills.


Message History

You hit the giant cockroach.
You kill the giant cockroach!
You hit the orc priest but do no damage.
You hit the orc priest but do no damage.
The orc priest hits you but does no damage.
You hit the orc priest but do no damage.
The orc priest hits you but does no damage.
You closely miss the orc priest.
The orc priest hits you with a +0 short sword.
You hit the orc priest.
The orc priest is lightly wounded.
You closely miss the orc priest.
The orc priest is lightly wounded.
The orc priest barely misses you.
You hit the orc priest.
The orc priest is heavily wounded.
The orc priest hits you with a +0 short sword.
You hit the orc priest but do no damage.
The orc priest is heavily wounded.
The orc priest barely misses you.
You closely miss the orc priest.
The orc priest is heavily wounded.
The orc priest mumbles some strange prayers to Beogh against you.
Pain shoots through your body!
The orc priest shouts, "Beogh offers mercy even to people such as you.
Join us and be reborn!" (press Y on the ability menu to convert to Beogh)
You hit the orc priest but do no damage.
The orc priest is heavily wounded.
You hit the orc priest.
The orc priest is heavily wounded.
The orc priest hits you with a +0 short sword.
You hit the orc priest but do no damage.
The orc priest is heavily wounded.
The orc priest hits you with a +0 short sword.
* * * LOW HITPOINT WARNING * * *
You hit the orc priest.
The orc priest is heavily wounded.
The orc priest calls down the wrath of Beogh upon you.
Pain shoots through your body!
You die...

#.....' ...b #..... ..o. #...#
o.... #####...# ..... ∆
....#...# ### .....# .##.#...#
..###.# #.# .#.#
.##)#...#####.#...# #.# ##.#.#
.##........##.#o### #.# .....
.####...##.##.#.h.#
#.#####...#
.####..^##.##.###.###.........
...<#...##.............####.#
.####...#######.............#
∆
..######........#...#####..##
#..# .######.#..## ##.# ##.#
.# #.#.## ∆### #.# .# #.#.#
#.## #.#.#


You could see an orc priest.

Vanquished Creatures
  An adder (D:3)
  2 dart slugs (D:2)
  A ribbon worm (D:2)
  An orc (D:3)
  2 ball pythons
  4 endoplasms
  2 giant cockroaches (D:3)
  2 hobgoblins (D:2)
  2 jackals (D:2)
  2 kobolds
  A quokka (D:1)
  A bat (D:2)
  4 frilled lizards (D:2)
  2 goblins (D:2)
  3 rats
30 creatures vanquished.

Notes
Turn   | Place    | Note
-------+----------+-------------------------------------------
     0 | D:1      | 601d51SH the Gnoll Brigand began the quest for the Orb.
     0 | D:1      | Reached XP level 1. HP: 20/20 MP: 1/1
   473 | D:2      | Reached XP level 2. HP: 26/26 MP: 2/2
   507 | D:2      | Identified the amulet "Qielun" {rF+ rC+ Regen+}
  1037 | D:2      | Reached XP level 3. HP: 31/31 MP: 3/3
  1364 | D:3      | Reached skill level 1 in Invocations
  1726 | D:3      | Reached skill level 1 in Long Blades
  1726 | D:3      | Reached skill level 1 in Axes
  1726 | D:3      | Reached skill level 1 in Maces & Flails
  1726 | D:3      | Reached skill level 1 in Polearms
  1726 | D:3      | Reached skill level 1 in Staves
  1726 | D:3      | Reached skill level 1 in Ranged Weapons
  1726 | D:3      | Reached skill level 1 in Armour
  1726 | D:3      | Reached skill level 1 in Shields
  1726 | D:3      | Reached skill level 1 in Unarmed Combat
  1726 | D:3      | Reached skill level 1 in Spellcasting
  1726 | D:3      | Reached skill level 1 in Evocations
  1764 | D:3      | Killed from afar by an orc priest

Illustrated notes

Levels and vault maps discovered:
D:1:      enne_arrival_octagon_isle, layout_rooms
D:2:      layout_basic
D:3:      layout_basic, grunt_temple_overflow_opulence, hangedman_decor_lopped

Skill      XL: |  1  2  3 |
---------------+----------+-----
Invocations    | 1 |  1.0
Long Blades    | 1 |  1.0
Axes           | 1 |  1.0
Maces & Flails | 1 |  1.0
Polearms       | 1 |  1.0
Staves         | 1 |  1.0
Ranged Weapons | 1 |  1.0
Armour         | 1 |  1.0
Shields        | 1 |  1.0
Unarmed Combat | 1 |  1.0
Spellcasting   | 1 |  1.0
Evocations     | 1 |  1.0
Fighting       | |  4.6
Short Blades   | |  4.6
Throwing       | |  4.6
Dodging        | |  2.6
Stealth        | |  7.8
Conjurations   | |  0.7
Hexes          | |  0.7
Summonings     | |  0.7
Necromancy     | |  0.7
Translocations | |  0.7
Fire Magic     | |  0.7
Ice Magic      | |  0.7
Air Magic      | |  0.7
Earth Magic    | |  0.7
Alchemy        | |  0.7
Shapeshifting  | |  0.8

Action                     || total
---------------------------++-------
  Melee: Dagger            ||    91
         Bite              ||     5
  Throw: Stone             ||     1
   Stab: Sleeping          ||    15
 Armour: Robe              ||    10
         Leather armour    ||    14
  Dodge: Dodged            ||    35
   Form: Beast             ||     1

Table legend: (Time is in decaauts)
 A = Elapsed time spent in this place.
 B = Non-inter-level travel time spent in this place.
 C = Inter-level travel time spent in this place.
 D = Time resting spent in this place.
 E = Time spent auto-exploring this place.
 F = Levels seen in this place.
 G = Mean time per level.
                   A        B        C        D        E       F      G
               +--------+--------+--------+--------+--------+-----+--------+
         Total |   1743 |   1664 |     79 |    105 |    990 |   3 |  581.0 |
       Dungeon |   1743 |   1664 |     79 |    105 |    990 |   3 |  581.0 |
               +--------+--------+--------+--------+--------+-----+--------+

Top non-repeatable levels by time:
     D:2: 894 daAuts
     D:3: 426 daAuts
     D:1: 422 daAuts
